 Dungeon Crawl Stone Soup version 0.31.0-32-g396128a36d (webtiles) character file.

Game seed: 3370309879165250110

12920 imdaedric the Thaumaturge (level 11, -8/54 HPs)
             Began as a Deep Elf Conjurer on Apr 16, 2024.
             Was a Believer of Sif Muna.
             Mangled by a warg (16 damage)
             ... on level 10 of the Dungeon.
             The game lasted 00:32:49 (14437 turns).

imdaedric the Thaumaturge (Deep Elf Conjurer)      Turns: 14437, Time: 00:32:49

Health: -8/54      AC:  7    Str:  4    XL:     11   Next: 68%
Magic:  1/28       EV: 12    Int: 28    God:    Sif Muna [**....]
Gold:   690        SH:  0    Dex: 13    Spells: 19/32 levels left

rFire   . . .        j - staff of conjuration
rCold   . . .        (no shield)
rNeg    . . .        g - +2 robe {Will+}
rPois   .            o - +0 helmet
rElec   .            n - +0 cloak
rCorr   .            (no gloves)
SInv    .            x - +0 pair of boots
Will    ++...        (no amulet)
Stlth   ++           N - ring of flight
HPRegen 0.29/turn    (no ring)
MPRegen 0.21/turn

%: no passive effects
@: flying
A: no striking features
a: Renounce Religion, Channel Magic


You were on level 10 of the Dungeon.
You worshipped Sif Muna.
Sif Muna was pleased with you.
You visited 2 branches of the dungeon, and saw 11 of its levels.
You also visited: Ossuary and Bailey.

You collected 690 gold pieces.

Inventory:

Hand Weapons
 m - a +3 quarterstaff of chaos
Missiles
 c - 4 throwing nets
Armour
 g - a +2 robe of willpower (worn)
 n - a +0 cloak (worn)
 o - a +0 helmet (worn)
 s - a scarf of harm
 x - a +0 pair of boots (worn)
Magical Staves
 j - a staff of conjuration (weapon)
 u - the staff of Avant Garde Duty {^Fragile rElec rF+ Str+5 Fire}
   (You found it on level 3 of the Dungeon)

   [staff of fire]

   Base accuracy: +5 Base damage: 5 Base attack delay: 1.2 This weapon's minimum
   attack delay (0.6) is reached at skill level 12.
   Str+5:     It affects your strength (+5).
   rF+:       It protects you from fire.
   rElec:     It insulates you from electricity.
   ^Fragile:  It will be destroyed if unequipped.
   Fire:      It increases the power of your Fire spells.
   It falls into the 'Staves' category.
   It is a one-handed weapon.
Jewellery
 k - an amulet of reflection
 y - a +6 ring of strength
 z - an amulet of faith
 I - a ring of fire
 N - a ring of flight (left hand)
Wands
 r - a wand of light (24)
 G - a wand of paralysis (8)
 H - a wand of mindburst (6)
Scrolls
 a - a scroll of torment
 e - 3 scrolls of amnesia
 h - 4 scrolls of enchant armour
 i - 3 scrolls of revelation
 l - 4 scrolls of teleportation
 v - 3 scrolls of vulnerability
 w - a scroll of noise
 B - 2 scrolls of fear
 L - 5 scrolls of enchant weapon
 M - a scroll of brand weapon
Potions
 b - a potion of resistance {unknown}
 d - 5 potions of cancellation
 f - 3 potions of might {unknown}
 p - 2 potions of mutation {unknown}
 q - a potion of haste
 t - 3 potions of heal wounds
 A - a potion of ambrosia {unknown}
 C - 2 potions of attraction {unknown}
 D - 6 potions of degeneration {unknown}
 E - 4 potions of curing {unknown}
 F - 2 potions of lignification {unknown}
 J - a potion of magic
 K - 3 potions of brilliance {unknown}


   Skills:
 - Level 2.4 Dodging
 - Level 2.4 Stealth
 + Level 11.4 Spellcasting
 + Level 10.4 Conjurations
 + Level 9.2 Translocations
 + Level 9.2 Alchemy
 + Level 9.2 Invocations


You had 19 spell levels left.
You knew the following spells:

 Your Spells              Type           Power      Damage    Failure   Level
a - Magic Dart            Conj           100%       1d8       1%          1
s - Fulminant Prism       Conj/Alch      41%        3d19      1%          4
w - Blink                 Tloc           100%       N/A       1%          2
x - Iskenderun's Mystic   Conj/Tloc      82%        2d16      1%          4
z - Searing Ray           Conj           100%       2d8       1%          2

Your spell library contained the following spells:

 Spells                   Type           Power      Damage    Failure   Level
 Apportation              Tloc           100%       N/A       1%          1
 Alistair's Intoxication  Alch           40%        N/A       2%          5
 Call Imp                 Summ           32%        N/A       5%          2
 Jinxbite                 Hex            32%        N/A       5%          2
 Ozocubu's Armour         Ice            16%        N/A       11%         3
 Summon Ice Beast         Ice/Summ       16%        N/A       11%         3
 Sculpt Simulacrum        Ice/Alch       21%        N/A       61%         6
 Metabolic Englaciation   Hex/Ice        8%         N/A       67%         5
 Summon Mana Viper        Hex/Summ       16%        N/A       67%         5
 Monstrous Menagerie      Summ           8%         N/A       100%        7


Dungeon Overview and Level Annotations

Branches:
Dungeon (10/15)            Temple (1/1) D:6            Lair (0/5) D:8
Ossuary (visited)          Bailey (visited)
    Orc: D:9-12

Altars:
Ashenzari
Cheibriados
Dithmenos
Elyvilon
Fedhas
Gozag
Hepliaklqana
Kikubaaqudgha
Makhleb
Nemelex Xobeh
Okawaru
Qazlal
Ru
Sif Muna
Trog
Uskayaw
Vehumet
Wu Jian
Xom
Yredelemnul
Zin
The Shining One

Shops:
D:5 (

Annotations:
D:10 1 runed translucent door, turdburglar's ghost, journeyman TrSh


Message History

Sif Muna accepts your kill.
You hear a howl! x2
Things that are here:
a +0 short sword; a +0 chain mail
Things that are here:
a +0 flail; a +0 plate armour; an orc corpse
Things that are here:
a +0 flail; an orc corpse
Found a scroll of identify and a scroll of teleportation.
You see here a +0 shortbow.
Found a scroll of identify.
There is an open door here.
You see here a +0 shortbow.
You start resting.
A warg comes into view.
You see here a +0 shortbow.
You start resting.
A warg is nearby!
The warg howls!
Turdburglar's ghost turns its malevolent gaze towards you.
Turdburglar's ghost whispers, "Everlasting silence awaits you..."
Turdburglar's ghost screams, "You must not fail where I succeeded!"
Casting: Fulminant Prism (dangerous; 1% risk of failure)
Confirm with . or Enter, or press ? or * to list all spells.
You feel a surge of power!
You erupt in a blast of force!
The mystic blast hits the warg!
The warg is moderately wounded.
The warg is knocked back by the mystic blast.
Casting: Iskenderun's Mystic Blast (dangerous; 1% risk of failure)
Confirm with . or Enter, or press ? or * to list all spells.
You feel a surge of power!
You erupt in a blast of force!
The mystic blast hits the warg.
The warg is moderately wounded.
The warg is knocked back by the mystic blast.
The warg slams into the rock wall!
The warg is severely wounded.
The warg attacks as it pursues you! The warg bites you!
* * * LOW HITPOINT WARNING * * *
The warg bites you!
You die...

#..)....'... ##..8..###.8
##...## ##...# #.#h## #...#
#.######### #..##.....##
##...h@....# #.....###...#
#....##W##...#
#...##...##...
#..##..!..##..####+####
#..#⌠.!♣?.⌠#...........
#####..##.....##...........
#.......##...##............
#........##.##.............


You could see a warg and turdburglar's ghost.

Vanquished Creatures
  Snorg (D:10)
  2 two-headed ogres
  2 death yaks (D:8)
  2 orc knights (Bailey)
  3 kobold demonologists (D:9)
  A hornet (D:8)
  10 yaks (D:9)
  A vampire (D:10)
  Grum (D:10)
  A steam dragon (D:10)
  3 water moccasins
  2 ice beasts
  A sky beast (D:7)
  15 orc warriors
  A black bear (D:6)
  2 ogres
  4 centaurs
  2 wolves (D:10)
  7 phantoms
  A weeping skull (Ossuary)
  5 kobold brigands
  Blork the orc (D:4)
  A gnoll sergeant (D:10)
  4 bullfrogs
  2 scorpions
  5 water moccasin zombies
  5 wights
  3 howler monkeys (D:9)
  3 bombardier beetles
  2 bullfrog zombies (D:5)
  7 orc priests
  A spectral scorpion (Ossuary)
  Crazy Yiuf (D:2)
  4 hounds
  A jelly (D:6)
  3 bullfrog skeletons (D:5)
  A centaur skeleton (D:5)
  2 sleepcaps (D:6)
  Jessica (D:2)
  Natasha (D:4)
  A gnoll bouda (D:8)
  A hell rat (D:8)
  3 iguanas
  7 orc wizards
  A scorpion zombie (D:5)
  A killer bee zombie (D:5)
  2 crocodile zombies (Ossuary)
  A hound skeleton (D:5)
  2 mummies (Ossuary)
  3 gnolls (D:8)
  6 adders
  A river rat (D:8)
  A white imp (D:8)
  4 ufetubi
  An adder skeleton (D:5)
  2 adder zombies (Ossuary)
  3 dart slugs
  3 ribbon worms
  41 orcs
  3 ball pythons
  An endoplasm (D:2)
  4 giant cockroaches
  7 gnoll zombies (Ossuary)
  10 goblins
  7 hobgoblins
  3 quokkas
  8 bats
  2 frilled lizards
  4 jackal zombies (Ossuary)
  13 kobolds
  3 orc zombies (Ossuary)
  7 rats
  A fulminant prism (Bailey)
272 creatures vanquished.

Vanquished Creatures (others)
  An orc wizard (D:4)
  103 fulminant prisms
104 creatures vanquished.

Grand Total: 376 creatures vanquished

Notes
Turn   | Place    | Note
-------+----------+-------------------------------------------
     0 | D:1      | imdaedric the Deep Elf Conjurer began the quest for the
                  | Orb.
     0 | D:1      | Reached XP level 1. HP: 10/10 MP: 6/6
    87 | D:1      | Found a faded altar of an unknown god.
   389 | D:1      | Reached XP level 2. HP: 15/15 MP: 6/8
   392 | D:1      | Learned a level 2 spell: Searing Ray
   933 | D:1      | Reached skill level 1 in Alchemy
   984 | D:1      | Reached skill level 1 in Translocations
  1201 | D:2      | Reached XP level 3. HP: 19/19 MP: 4/9
  1488 | D:2      | Noticed Jessica
  1491 | D:2      | Reached skill level 1 in Invocations
  1493 | D:2      | Killed Jessica
  1494 | D:2      | Reached XP level 4. HP: 9/24 MP: 3/11
  1655 | D:2      | Found a runed translucent door.
  1656 | D:2      | Noticed Crazy Yiuf
  1955 | D:2      | Paralysed by Crazy Yiuf for 1 turns
  1959 | D:2      | Killed Crazy Yiuf
  1960 | D:2      | Reached skill level 4 in Spellcasting
  1960 | D:2      | Reached skill level 5 in Conjurations
  2318 | D:3      | Found a snail-covered altar of Cheibriados.
  2520 | D:3      | Reached XP level 5. HP: 28/28 MP: 3/13
  2795 | D:3      | Identified the staff of Avant Garde Duty {^Fragile rElec
                  | rF+ Str+5 Fire}
  2985 | D:4      | Noticed a phantom
  2992 | D:4      | Killed a phantom
  3253 | D:4      | Reached XP level 6. HP: 32/32 MP: 8/14
  3813 | D:4      | Noticed Natasha
  3815 | D:4      | Reached skill level 5 in Spellcasting
  3819 | D:4      | Killed Natasha
  3937 | D:4      | Learned a level 2 spell: Blink
  3953 | D:4      | Reached XP level 7. HP: 36/36 MP: 9/16
  4169 | D:4      | Noticed Blork the orc
  4177 | D:4      | Killed Blork the orc
  4769 | D:5      | Entered Level 5 of the Dungeon
  4803 | D:5      | Learned a level 4 spell: Fulminant Prism
  4808 | D:5      | Learned a level 4 spell: Iskenderun's Mystic Blast
  4963 | D:5      | Found Hetearia's Weapon Shoppe.
  4999 | D:5      | Reached skill level 6 in Spellcasting
  5038 | D:5      | Reached XP level 8. HP: 31/41 MP: 0/19
  5188 | D:5      | Found a sand-covered staircase.
  5197 | Ossuary  | Entered an ossuary
  5971 | D:5      | Identified a scroll of acquirement
  5971 | D:5      | Acquired a staff of conjuration
  6152 | D:5      | Reached skill level 7 in Spellcasting
  6152 | D:5      | Reached skill level 5 in Translocations
  6152 | D:5      | Reached skill level 5 in Alchemy
  6152 | D:5      | Reached skill level 5 in Invocations
  6674 | D:5      | Reached XP level 9. HP: 45/45 MP: 12/22
  6851 | D:5      | Found a shadowy altar of Dithmenos.
  7102 | D:5      | Found an ornate altar of the Wu Jian Council.
  7505 | D:6      | Found a white marble altar of Elyvilon.
  7516 | D:6      | Found a bloodstained altar of Trog.
  7517 | D:6      | Found a shimmering blue altar of Sif Muna.
  7519 | D:6      | Found a hide-covered altar of Uskayaw.
  7520 | D:6      | Found a broken altar of Ashenzari.
  7573 | D:6      | Reached skill level 8 in Spellcasting
  8048 | D:6      | Found a staircase to the Ecumenical Temple.
  8058 | Temple   | Entered the Ecumenical Temple
  8138 | D:6      | Became a worshipper of Sif Muna the Loreminder
  8734 | D:7      | Found a flagged portal.
  8791 | Bailey   | Entered a bailey
  9052 | Bailey   | Reached * piety under Sif Muna
  9230 | Bailey   | Reached skill level 9 in Spellcasting
  9240 | Bailey   | Noticed an orc knight
  9264 | Bailey   | Reached XP level 10. HP: 50/50 MP: 15/25
  9276 | Bailey   | Killed an orc knight
  9475 | Bailey   | Noticed an orc knight
  9484 | Bailey   | Killed an orc knight
 10267 | D:8      | Noticed a death yak
 10271 | D:8      | Noticed a death yak
 10278 | D:8      | Noticed a death yak
 10620 | D:8      | Found a staircase to the Lair.
 10683 | D:8      | Killed a death yak
 10728 | D:7      | Reached ** piety under Sif Muna
 11449 | D:8      | Reached skill level 10 in Spellcasting
 11451 | D:8      | Noticed a two-headed ogre
 11459 | D:8      | Killed a two-headed ogre
 12144 | D:8      | Killed a death yak
 12450 | D:9      | Reached XP level 11. HP: 54/54 MP: 14/27
 12632 | D:9      | Found a radiant altar of Vehumet.
 13291 | D:9      | Reached skill level 10 in Conjurations
 13536 | D:9      | Reached skill level 11 in Spellcasting
 13713 | D:10     | Entered Level 10 of the Dungeon
 13814 | D:10     | Noticed a two-headed ogre
 13822 | D:10     | Killed a two-headed ogre
 13823 | D:10     | Noticed Snorg
 14011 | D:10     | Killed Snorg
 14309 | D:10     | Found a runed translucent door.
 14309 | D:10     | Noticed turdburglar's ghost (journeyman TrSh)
 14350 | D:10     | Noticed Grum
 14357 | D:10     | Killed Grum
 14437 | D:10     | Mangled by a warg

Illustrated notes

Levels and vault maps discovered:
D:1:      heliophobic_arrival_glass_houses, layout_basic,
          hellmonk_ecumenical_altar_leap_of_faith
D:2:      layout_rooms, uniq_crazy_yiuf_cottage, uniq_jessica
D:3:      layout_loops_ring, marbit_many_paths
D:4:      layout_basic, serial_rivers, chequers_serial_rivers_room_b,
          chequers_serial_rivers_micro_a, chequers_serial_rivers_small_b,
          chequers_serial_rivers_micro_c, chequers_serial_rivers_small_a,
          chequers_serial_rivers_small_3, nicolae_nh_ransacked_shop,
          uniq_natasha, uniq_blork_the_orc
D:5:      layout_loops_corners, nicolae_wu_jian_immortal_techniques,
          mainiacjoe_overflow_alcove_2, mainiacjoe_ossuary_entry_dusty_tomb,
          serial_undead, serial_undead_e, serial_undead_e, serial_undead_b,
          serial_undead_c, serial_undead_d, serial_undead_a, serial_shops, shop,
          serial_bayou_ford_a, amcnicky_mini_corridor_feature,
          hangedman_decor_slide_cut, minivault_5
D:6:      layout_rooms, minitemple, minmay_temple_entry_poolview
D:7:      layout_basic, enter_bailey_5
D:8:      layout_basic, dpeg_lair_monsters, serial_glass, glass_columns_a,
          glass_columns_b
D:9:      layout_loops_ring, mainiacjoe_overflow_brackets,
          kb_lookout_dungeons_type
D:10:     layout_roguey, david_orc_1_choice, hellmonk_ghost_happy_afterlife,
          st_stairs_2, kennysheep_small_square, uniq_grum, uniq_snorg
Temple:   nicolae_temple_bog_church

Skill      XL: |  1  2  3  4  5  6  7  8  9 10 11 |
---------------+----------------------------------+-----
Alchemy        | 1 2 3 4 5 6 8 9 |  9.2
Translocations | 1 2 3 4 5 6 8 9 |  9.2
Invocations    | 1 2 3 4 5 6 8 9 |  9.2
Spellcasting   | 4 5 6 7 9 10 11 | 11.4
Conjurations   | 5 6 7 8 9 10 | 10.4
Dodging        | |  2.4
Stealth        | |  2.4

Action                     |  1- 3 |  4- 6 |  7- 9 | 10-12 || total
---------------------------+-------+-------+-------+-------++-------
  Melee: Quarterstaff      |       |       |     3 |       ||     3
         Staff             |       |       |       |     1 ||     1
   Cast: Magic Dart        |    41 |    55 |    89 |    30 ||   215
         Searing Ray       |     5 |    27 |    54 |    30 ||   116
         Iskenderun's Myst |       |       |    16 |    34 ||    50
         Blink             |       |       |     1 |     1 ||     2
         Fulminant Prism   |       |       |    36 |    68 ||   104
 Invoke: Channel Magic     |       |       |       |     1 ||     1
    Use: Scroll            |     2 |     1 |     7 |     7 ||    17
         Potion            |       |       |     3 |     3 ||     6
 Armour: Robe              |       |    16 |    44 |    32 ||    92
  Dodge: Dodged            |     2 |    15 |    43 |    10 ||    70
